 Dungeon Crawl Stone Soup version 0.29.1-1-gd02db69 (webtiles) character file.

Game seed: 5535132558588920634

56 Timinator the Insei (level 3, -1/28 HPs)
             Began as a Demigod Transmuter on Dec 22, 2022.
             Killed by divine providence
             ... invoked by an orc priest
              (16 damage)
             ... on level 3 of the Dungeon.
             The game lasted 00:06:47 (1887 turns).

Timinator the Insei (Demigod Transmuter)            Turns: 1887, Time: 00:06:47

Health: -1/28      AC:  4    Str: 11    XL:     3   Next: 47%
Magic:  8/8        EV: 12    Int: 15    God:
Gold:   139        SH:  0    Dex: 18    Spells: 3/6 levels left

rFire   . . .      SeeInvis .     - Unarmed
rCold   . . .      Faith    .   (no shield)
rNeg    . . .      Spirit   .   a - +0 robe
rPois   .          Reflect  .   e - +1 helmet
rElec   .          Harm     .   (no cloak)
rCorr   .          Rampage  .   (no gloves)
Will    .....                   (no boots)
Stlth   ++........              (no amulet)
HPRegen 0.09/turn               (no ring)
MPRegen 0.11/turn               (no ring)

@: wereblooded (expiring)
A: high MP 1, forlorn, divine attributes
a: no special abilities


You were on level 3 of the Dungeon.
You visited 1 branch of the dungeon, and saw 3 of its levels.

You collected 139 gold pieces.

Inventory:

Missiles
 g - 2 throwing nets
Armour
 a - a +0 robe (worn)
 e - a +1 helmet (worn)
Jewellery
 d - a ring of fire
Scrolls
 c - 2 scrolls of identify {unknown}
 h - 3 scrolls of poison {unknown}
 i - a scroll of magic mapping {unknown}
 j - a scroll of brand weapon {unknown}
 k - a scroll of vulnerability {unknown}
 n - 2 scrolls of fog {unknown}
 o - 2 scrolls of noise {unknown}
Potions
 b - a potion of lignification
 f - 3 potions of degeneration {unknown}
 l - a potion of mutation {unknown}
 m - a potion of heal wounds {unknown}
 p - a potion of cancellation {unknown}
 q - a potion of curing {unknown}
 r - a potion of ambrosia {unknown}


   Skills:
 * Level 1.3 Fighting
 * Level 0.9 Armour
 * Level 2.1 Dodging
 + Level 3.2 Unarmed Combat
 + Level 2.0 Spellcasting
 * Level 2.2 Transmutations


You had 3 spell levels left.
You knew the following spells:

 Your Spells              Type           Power      Damage    Failure   Level
a - Beastly Appendage     Tmut           16%        N/A       9%          1
b - Wereblood             Tmut           8%         N/A       13%         2

Your spell library contained the following spells:

 Spells                   Type           Power      Damage    Failure   Level
 Spider Form              Tmut/Pois      4%         N/A       38%         3
 Call Canine Familiar     Summ           1%         N/A       54%         3
 Portal Projectile        Hex/Tloc       2%         N/A       54%         3
 Ice Form                 Ice/Tmut       4%         N/A       80%         4
 Leda's Liquefaction      Hex/Erth       0%         N/A       91%         4


Dungeon Overview and Level Annotations

Branches:
Dungeon (3/15)


Innate Abilities, Weirdness & Mutations

You have an increased reservoir of magic. (+10% MP)
You shall have no god before yourself.
Your divine heritage dramatically boosts your attributes as you level up.


Message History

You howl as the wereblood boils in your veins!
You hit the orc.
The orc is lightly wounded.
The orc hits you with a +0 club.
The orc priest hits you with a +0 short sword.
You hit the orc but do no damage.
The orc is lightly wounded.
The orc barely misses you.
The orc priest hits you with a +0 short sword.
You barely miss the orc.
The orc is lightly wounded.
The orc hits you with a +0 club. The orc priest barely misses you.
You hit the orc but do no damage.
The orc is lightly wounded.
The orc completely misses you.
The orc priest hits you with a +0 short sword.
You closely miss the orc priest.
The orc priest is lightly wounded.
The orc barely misses you.
The orc priest calls upon Beogh to heal the orc.
The orc's wounds heal themselves!
You hit the orc priest.
The orc priest is moderately wounded.
The orc barely misses you. The orc priest closely misses you.
You barely miss the orc priest.
The orc priest is moderately wounded.
Your primal bloodlust is almost over.
You hit the orc priest.
The orc priest is severely wounded.
The orc hits you but does no damage.
The orc priest hits you with a +0 short sword.
You barely miss the orc priest.
The orc priest is severely wounded.
The orc barely misses you. The orc priest barely misses you.
You hit the orc priest but do no damage.
The orc priest is severely wounded.
The orc priest calls down the wrath of Beogh upon you.
Beogh smites you!
Ouch! That really hurt!
You die...

............~~~~~~~~~
............~.~≈≈~≈≈≈≈
#....#......~~≈≈~≈~~≈~
+....'......~≈~~...~.~
##....#...#..~~~......~
.............#.......#
............^#.......#
#######o#............##
#.@o..###.........#
##+++## #.........#
#.........# #.........#
#........## #........#
#.....†..# ##.#.....#
#.#.....##


You could see an orc priest and an orc.

Vanquished Creatures
  An adder (D:2)
  A worm (D:3)
  2 dart slugs
  2 bats
  5 endoplasms
  A giant cockroach (D:1)
  5 hobgoblins
  A quokka (D:1)
  3 ball pythons
  A frilled lizard (D:2)
  7 goblins
  4 kobolds
  4 rats
37 creatures vanquished.

Notes
Turn   | Place    | Note
-------+----------+-------------------------------------------
     0 | D:1      | Timinator the Demigod Transmuter began the quest for the
                  | Orb.
     0 | D:1      | Reached XP level 1. HP: 15/15 MP: 5/5
    56 | D:1      | Reached skill level 1 in Fighting
   395 | D:1      | Reached XP level 2. HP: 21/23 MP: 4/7
   402 | D:1      | Learned a level 2 spell: Wereblood
   765 | D:1      | Reached skill level 3 in Unarmed Combat
  1005 | D:2      | Reached XP level 3. HP: 17/28 MP: 8/8
  1887 | D:3      | Killed from afar by an orc priest

Illustrated notes

Levels and vault maps discovered:
D:1:      saegor_arrival_simple_a, layout_loops_cross
D:2:      layout_basic, hangedman_abyss_or_decor_lesser_grid
D:3:      cheibrodos_fertilizer, layout_basic, chequers_ecumenical_altar_island

Skill      XL: |  1  2  3 |
---------------+----------+-----
Fighting       | 1 |  1.3
Transmutations | 2 |  2.2
Dodging        | 2 |  2.1
Unarmed Combat | 3 |  3.2
Spellcasting   | 2 |  2.0
Armour         | |  0.9

Action                   || total
-------------------------++-------
Melee: Unarmed           ||   123
       Kick              ||     8
       Headbutt          ||     2
       Punch             ||     2
 Cast: Beastly Appendage ||     9
       Wereblood         ||     6
 Stab: Sleeping          ||     2
Armor: Robe              ||    22
Dodge: Dodged            ||    53
